 Dungeon Crawl Stone Soup version 0.30-a0-743-gbfdf073431 (webtiles) character file.

Game seed: 8632318320040447331

71 oldriver the Shooter (level 4, 0/38 HPs)
             Began as a Meteoran Hunter on Feb 7, 2023.
             Succumbed to Ijyb's poison
             ... on level 3 of the Dungeon.
             The game lasted 00:03:48 (867 turns).

oldriver the Shooter (Meteoran Hunter)               Turns: 867, Time: 00:03:49

Health: 0/38       AC:  3    Str: 13    XL:     4   Next: 75%
Magic:  5/5        EV: 17    Int: 10    God:
Gold:   140        SH:  0    Dex: 19    Spells: 3/3 levels left

rFire   . . .      SeeInvis .    a - +0 shortbow
rCold   + . .      Faith    .    (shield currently unavailable)
rNeg    . . .      Spirit   .    c - +0 leather armour
rPois   .          Reflect  .    (no helmet)
rElec   .          Harm     .    (no cloak)
rCorr   .          Rampage  .    (no gloves)
Will    .....                    (no boots)
Stlth   +                        f - amulet of magic regeneration
HPRegen 0.26/turn                e - ring of protection from cold
MPRegen 0.49/turn                k - +5 ring of evasion

@: lethally poisoned (0 -> -1), glowing
A: sense surroundings 1, otherworldly, glowing, explore regen
a: no special abilities


You were on level 3 of the Dungeon.
You visited 1 branch of the dungeon, and saw 3 of its levels.

You collected 140 gold pieces.

Inventory:

Hand Weapons
 a - a +0 shortbow (weapon)
Missiles
 h - 2 throwing nets
Armour
 c - a +0 leather armour (worn)
Jewellery
 e - a ring of protection from cold (left hand)
 f - an amulet of magic regeneration (around neck)
 k - a +5 ring of evasion (right hand)
Scrolls
 b - 2 scrolls of immolation
 g - a scroll of brand weapon {unknown}
 o - a scroll of enchant weapon {unknown}
Potions
 d - 2 potions of attraction {unknown}
 i - 2 potions of heal wounds {unknown}
 j - a potion of brilliance {unknown}
 l - a potion of curing {unknown}
 n - a potion of degeneration {unknown}


   Skills:
 + Level 3.2 Fighting
 * Level 5.7 Ranged Weapons
 - Level 2.4 Dodging
 - Level 0.6 Stealth


You had 3 spell levels left.
You didn't know any spells.
Your spell library contained the following spells:

 Spells                   Type           Power      Damage    Failure   Level
 Animate Armour           Summ/Erth      0%         N/A       99%         4
 Blade Hands              Tmut           0%         N/A       100%        5
 Iron Shot                Conj/Erth      0%         9d1       100%        6


Dungeon Overview and Level Annotations

Branches:
Dungeon (3/15) Zot: 900

Altars:

Annotations:
D:3 Ijyb


Innate Abilities, Weirdness & Mutations

You passively map a small area around you.
You are easily found by Zot.
You glow in the dark.
You regain HP and MP as you explore.


Message History

Aiming: Polymorph
Press: ? - help, Shift-Dir - straight line, f/p - Ijyb
Aim: Ijyb the water moccasin (will become a wyvern, an acid dragon, or an ice beast, chance to affect: 49%) Ijyb the water moccasin evaporates and reforms as an ice beast!
You feel sick. Ijyb hits you. Ijyb freezes you. You resist.
Okay, then.
Aiming: Polymorph
Press: ? - help, Shift-Dir - straight line, f/p - Ijyb
Aim: Ijyb the ice beast (will become a swamp drake, a golden eye, or an adder, chance to affect: 49%) Ijyb resists with some effort.
You feel sick. Ijyb hits you. Ijyb freezes you. You resist.
* * * LOW HITPOINT WARNING * * *
Aiming: Polymorph
Press: ? - help, Shift-Dir - straight line, f/p - Ijyb
Aim: Ijyb the ice beast (will become a swamp drake, a golden eye, or an adder, chance to affect: 49%) Ijyb resists with some effort.
You feel sick. Ijyb misses you.
Aiming: Polymorph
Press: ? - help, Shift-Dir - straight line, f/p - Ijyb
Aim: Ijyb the ice beast (will become a swamp drake, a golden eye, or an adder, chance to affect: 49%) Ijyb the ice beast evaporates and reforms as a swamp drake!
* * * LOW HITPOINT WARNING * * *
You feel sick.
Aiming: Polymorph
Press: ? - help, Shift-Dir - straight line, f/p - Ijyb
Aim: Ijyb the swamp drake (will become a steam dragon, a wyvern, or a fire bat, chance to affect: 49%) Ijyb the swamp drake evaporates and reforms as a wyvern!
You feel sick. Ijyb barely misses you.
Aiming: Polymorph
Press: ? - help, Shift-Dir - straight line, f/p - Ijyb
Aim: Ijyb the wyvern (will become an acid dragon, a sky beast, or a tengu, chance to affect: 49%) Ijyb the wyvern evaporates and reforms as a tengu!
The now-empty wand crumbles to dust.
You feel sick. Ijyb hits you but does no damage.
Ijyb pecks you but does no damage. Ijyb misses you.
You aren't carrying any items that you can evoke.
You shoot an arrow. The arrow barely misses Ijyb.
You feel sick. Ijyb hits you.
* * * LOW HITPOINT WARNING * * *
Ijyb misses you. Ijyb claws you but does no damage.
You shoot an arrow. The arrow closely misses Ijyb.
You die...

* * *.# , *#.##
############# #...#
....##......# #..... * *
###.##.####.# #....).
###.##.####.# ##.......
..........#.####........
,
....##.##.#.#...@.......
....##........##.Q....?.
>..##############.).....
#..# ..[....* #..#
*.#..... , ...# *.##.#..
#.## ##########.# .# .
#.######........ .. .
#..†..........###,


You could see Ijyb the tengu.

Vanquished Creatures
  2 adders
  A dart slug (D:2)
  3 ball pythons
  5 endoplasms
  A giant cockroach (D:3)
  5 goblins
  6 hobgoblins
  5 kobolds
  3 quokkas
  4 bats
  3 frilled lizards
  14 rats
52 creatures vanquished.

Notes
Turn   | Place    | Note
-------+----------+-------------------------------------------
     0 | D:1      | oldriver the Meteoran Hunter began the quest for the Orb.
     0 | D:1      | Reached XP level 1. HP: 17/17 MP: 2/2
    84 | D:1      | Reached XP level 2. HP: 25/25 MP: 3/3
   198 | D:1      | Reached XP level 3. HP: 30/30 MP: 4/4
   261 | D:1      | Reached skill level 5 in Ranged Weapons
   593 | D:2      | Reached XP level 4. HP: 37/37 MP: 5/5
   852 | D:3      | Noticed Ijyb
   857 | D:3      | Ijyb changed into Ijyb the water moccasin
   857 | D:3      | Noticed Ijyb
   860 | D:3      | Ijyb the water moccasin changed into Ijyb the ice beast
   860 | D:3      | Noticed Ijyb
   863 | D:3      | Ijyb the ice beast changed into Ijyb the swamp drake
   863 | D:3      | Noticed Ijyb
   864 | D:3      | Ijyb the swamp drake changed into Ijyb the wyvern
   864 | D:3      | Noticed Ijyb
   865 | D:3      | Ijyb the wyvern changed into Ijyb the tengu
   865 | D:3      | Noticed Ijyb
   866 | D:3      | HP: 1/38 [Ijyb the tengu (2)]
   867 | D:3      | Succumbed to Ijyb's poison

Illustrated notes

Levels and vault maps discovered:
D:1:      dpeg_arrival_fog, layout_loops_cross, palyth_stone_intersect,
          minmay_rat_gold_closets
D:2:      layout_basic, wad_floor_pattern_2, kennysheep_generic_room_13
D:3:      layout_loops_cross, nicolae_sif_muna_little_library, tso_oasis_becter,
          minmay_checkerbox, uniq_ijyb, uniq_sigmund, uniq_natasha

Skill      XL: |  1  2  3  4 |
---------------+-------------+-----
Ranged Weapons | 5 |  5.7
Fighting       | 3 |  3.2
Dodging        | |  2.4
Stealth        | |  0.6

Action                     |  1- 3 |  4- 6 || total
---------------------------+-------+-------++-------
   Fire: Shortbow          |    84 |    32 ||   116
  Evoke: Wand              |       |     7 ||     7
 Armour: Leather armour    |    11 |     4 ||    15
  Dodge: Dodged            |    16 |    10 ||    26

Table legend: (Time is in decaauts)
 A = Elapsed time spent in this place.
 B = Non-inter-level travel time spent in this place.
 C = Inter-level travel time spent in this place.
 D = Time resting spent in this place.
 E = Time spent auto-exploring this place.
 F = Levels seen in this place.
 G = Mean time per level.
                   A        B        C        D        E       F      G
               +--------+--------+--------+--------+--------+-----+--------+
         Total |    899 |    850 |     49 |      0 |      0 |   3 |  299.7 |
       Dungeon |    899 |    850 |     49 |      0 |      0 |   3 |  299.7 |
               +--------+--------+--------+--------+--------+-----+--------+

Top non-repeatable levels by time:
     D:1: 465 daAuts
     D:2: 335 daAuts
     D:3: 99 daAuts
